MID
GREENSBORO GRASSHOPPERS @ DAYTON DRAGONS
09/14/2046
 
TOP OF THE 1ST
Greensboro Grasshoppers batting - Pitching for Dayton Dragons : LHP Suk-jin Sok
Pitching: LHP Suk-jin Sok
Batting: RHB Harrie de Kam 0-0: Ball
1-0: Called Strike
1-1: SINGLE (Flyball, 7LS, EV 98.1 MPH)
Batting: RHB Andy Kelly 0-0: Ball
1-0: Foul Ball, location: 2F
1-1: Ball
2-1: Ball
3-1: Base on Balls
Harrie de Kam to second
Batting: RHB Miguel Velasco 0-0: Foul Ball, location: 2F
0-1: Foul Ball, location: 2F
0-2: Foul Ball, location: 2F
0-2: Strikes out swinging
Batting: RHB Larry LeFever 0-0: Ball
1-0: Ball
2-0: Ball
3-0: Base on Balls
Harrie de Kam to third
Andy Kelly to second
Batting: RHB J.D. Vander Klok 0-0: Ball
1-0: Foul Ball, location: 2F
1-1: Called Strike
1-2: Fielders Choice at 2nd, 6-4 (Groundball, 56, EV 100.0 MPH)
Harrie de Kam scores
Andy Kelly to third
Batting: LHB Angelo Estrella 0-0: Ball
1-0: Swinging Strike
1-1: Called Strike
1-2: Foul Ball, location: 2F
1-2: Ball
2-2: Strikes out swinging
Top of the 1st over - 1 run, 1 hit, 0 errors, 2 left on base; Greensboro 1 - Dayton 0
BOTTOM OF THE 1ST
Dayton Dragons batting - Pitching for Greensboro Grasshoppers : RHP Cory Levine
Pitching: RHP Cory Levine
Batting: LHB Fernando Gomez 0-0: Ball
1-0: Ball
2-0: Ball
3-0: Called Strike
3-1: Foul Ball, location: 2F
3-2: Strikes out swinging
Batting: LHB Keith Egan 0-0: SINGLE (Groundball, 4M, EV 96.2 MPH) (infield hit)
Batting: RHB Randy Grewe 0-0: Ball
1-0: Ball
Keith Egan steals 2nd base (no throw)
2-0: Called Strike
Balk!
Keith Egan to third
2-1: Ball
Passed Ball!
Keith Egan scores
3-1: Foul Ball, location: 2F
3-2: Strikes out swinging, 2-3 out at first.
Batting: LHB Matthew Berry 0-0: SINGLE (Line Drive, 34, EV 100.0 MPH)
Batting: SHB Tim Utz 0-0: Ball
1-0: Ball
2-0: Ball
Wild Pitch!
Matthew Berry to second
3-0: Called Strike
3-1: Foul Ball, location: 2F
3-2: Ground out 4-3 (Groundball, 34D, EV 109.4 MPH)
Bottom of the 1st over - 1 run, 2 hits, 0 errors, 1 left on base; Greensboro 1 - Dayton 1
TOP OF THE 2ND
Greensboro Grasshoppers batting - Pitching for Dayton Dragons : LHP Suk-jin Sok
Batting: RHB Jeremy Dennis 0-0: Ball
1-0: Bunted foul
1-1: Ball
2-1: SINGLE (Groundball, 56D, EV 96.2 MPH)
Batting: LHB Ryan Thompson 0-0: Foul Ball, location: 2F
0-1: Ball
1-1: SINGLE (Groundball, 56D, EV 101.2 MPH)
Jeremy Dennis to second
Batting: RHB Hiromitsu Yamada 0-0: Ball
Jeremy Dennis steals 3rd base
1-0: Foul Ball, location: 2F
1-1: Foul Ball, location: 2F
1-2: Ball
2-2: Strikes out swinging
Batting: RHB Harrie de Kam 0-0: Ball
1-0: SINGLE (Flyball, 7LS, EV 94.4 MPH)
Jeremy Dennis scores
Ryan Thompson to second
Batting: RHB Andy Kelly 0-0: Ball
1-0: Called Strike
1-1: Called Strike
1-2: Ball
2-2: Strikes out swinging
Batting: RHB Miguel Velasco 0-0: Called Strike
0-1: Ball
1-1: Fly out, F7 (Flyball, 78M, EV 87.5 MPH)
Top of the 2nd over - 1 run, 3 hits, 0 errors, 2 left on base; Greensboro 2 - Dayton 1
BOTTOM OF THE 2ND
Dayton Dragons batting - Pitching for Greensboro Grasshoppers : RHP Cory Levine
Batting: RHB Mark Williams 0-0: Ball
1-0: Fly out, F9 (Line Drive, 9S, EV 88.8 MPH)
Batting: SHB Alex Morales 0-0: Foul Ball, location: 2F
0-1: Ball
1-1: Foul Ball, location: 2F
1-2: Ground out 4-3 (Groundball, 4, EV 91.2 MPH)
Batting: RHB Matt Silva 0-0: Ball
1-0: Ball
2-0: Foul Ball, location: 2F
2-1: Ball
3-1: Swinging Strike
3-2: SINGLE (Groundball, 6MD, EV 105.0 MPH)
Batting: RHB Cyd Carver 0-0: Ball
1-0: Ball
2-0: Foul Ball, location: 2F
2-1: Swinging Strike
2-2: Ball
3-2: Foul Ball, location: 2F
3-2: Ground out 6-3 (Groundball, 6, EV 92.5 MPH)
Bottom of the 2nd over - 0 runs, 1 hit, 0 errors, 1 left on base; Greensboro 2 - Dayton 1
TOP OF THE 3RD
Greensboro Grasshoppers batting - Pitching for Dayton Dragons : LHP Suk-jin Sok
Batting: RHB Larry LeFever 0-0: Ball
1-0: Ground out 6-3 (Groundball, 6, EV 84.4 MPH)
Batting: RHB J.D. Vander Klok 0-0: Swinging Strike
0-1: Ball
1-1: SINGLE (Groundball, 6, EV 99.4 MPH)
Batting: LHB Angelo Estrella 0-0: Ball
J.D. Vander Klok steals 2nd base
1-0: Called Strike
1-1: Foul Ball, location: 2F
1-2: Ball
2-2: Foul Ball, location: 2F
2-2: Ball
3-2: Strikes out looking
Batting: RHB Jeremy Dennis 0-0: Reached on error, E6 (Groundball, 6, EV 88.8 MPH)
J.D. Vander Klok to third
Batting: LHB Ryan Thompson 0-0: Ball
1-0: Foul Ball, location: 2F
1-1: SINGLE (Groundball, 34, EV 103.8 MPH)
J.D. Vander Klok scores
Jeremy Dennis to second
Runner from 2nd tries for 3rd, SAFE, throw by RF made to third
Batting: RHB Hiromitsu Yamada 0-0: Ball
1-0: Ball
Wild Pitch!
Jeremy Dennis scores
Ryan Thompson to second
2-0: Swinging Strike
2-1: Ball
3-1: Ground out U3 (Groundball, 3S, EV 65.6 MPH)
Top of the 3rd over - 2 runs, 2 hits, 1 error, 1 left on base; Greensboro 4 - Dayton 1
BOTTOM OF THE 3RD
Dayton Dragons batting - Pitching for Greensboro Grasshoppers : RHP Cory Levine
Batting: LHB Fernando Gomez 0-0: Called Strike
0-1: Ball
1-1: Swinging Strike
1-2: Ground out 6-3 (Groundball, 56, EV 82.5 MPH)
Batting: LHB Keith Egan 0-0: Fly out, F6 (Line Drive, 6, EV 69.4 MPH)
Batting: RHB Randy Grewe 0-0: Foul Ball, location: 2F
0-1: Ground out 4-3 (Groundball, 4, EV 80.6 MPH)
Bottom of the 3rd over - 0 runs, 0 hits, 0 errors, 0 left on base; Greensboro 4 - Dayton 1
TOP OF THE 4TH
Greensboro Grasshoppers batting - Pitching for Dayton Dragons : LHP Suk-jin Sok
Batting: RHB Harrie de Kam 0-0: Called Strike
0-1: Ball
1-1: Ball
2-1: Ball
3-1: Fly out, F9 (Line Drive, 9, EV 100.0 MPH)
Batting: RHB Andy Kelly 0-0: Ball
1-0: Fly out, F7 (Flyball, 7D, EV 102.5 MPH)
Batting: RHB Miguel Velasco 0-0: Called Strike
0-1: Swinging Strike
0-2: Ball
1-2: Ball
2-2: SINGLE (Line Drive, 8LS, EV 95.0 MPH)
Batting: RHB Larry LeFever 0-0: Ball
1-0: Ball
2-0: Fly out, F8 (Flyball, 8RD, EV 76.2 MPH)
Top of the 4th over - 0 runs, 1 hit, 0 errors, 1 left on base; Greensboro 4 - Dayton 1
BOTTOM OF THE 4TH
Dayton Dragons batting - Pitching for Greensboro Grasshoppers : RHP Cory Levine
Batting: LHB Matthew Berry 0-0: Swinging Strike
0-1: SINGLE (Line Drive, 89M, EV 101.2 MPH)
Batting: SHB Tim Utz 0-0: Ball
1-0: Called Strike
1-1: Called Strike
1-2: Ball
2-2: Strikes out looking
Batting: RHB Mark Williams 0-0: Ball
1-0: Called Strike
1-1: Ball
2-1: Foul Ball, location: 2F
2-2: Foul Ball, location: 2F
2-2: Foul Ball, location: 2F
2-2: Ball
3-2: Foul Ball, location: 2F
3-2: Fly out, F9 (Line Drive, 9S, EV 94.4 MPH)
Batting: SHB Alex Morales 0-0: Foul Ball, location: 2F
0-1: Ball
1-1: Fly out, F7 (Flyball, 7, EV 90.6 MPH)
Bottom of the 4th over - 0 runs, 1 hit, 0 errors, 1 left on base; Greensboro 4 - Dayton 1
TOP OF THE 5TH
Greensboro Grasshoppers batting - Pitching for Dayton Dragons : LHP Suk-jin Sok
Batting: RHB J.D. Vander Klok 0-0: Ball
1-0: Swinging Strike
1-1: SINGLE (Groundball, 6D, EV 104.4 MPH)
Batting: LHB Angelo Estrella 0-0: Ball
Passed Ball!
J.D. Vander Klok to second
1-0: Called Strike
1-1: Foul Ball, location: 2F
1-2: Ball
2-2: Ball
3-2: Base on Balls
Batting: RHB Jeremy Dennis 0-0: Fly out, F7 (Line Drive, 7, EV 90.0 MPH)
Batting: LHB Ryan Thompson 0-0: Fielders Choice at 2nd, 6-4 (Groundball, 6, EV 103.1 MPH)
J.D. Vander Klok to third
Batting: RHB Hiromitsu Yamada 0-0: Ball
1-0: Called Strike
1-1: Foul Ball, location: 2F
1-2: Fielders Choice at 2nd, 6-4 (Groundball, 6, EV 78.1 MPH)
Top of the 5th over - 0 runs, 1 hit, 0 errors, 2 left on base; Greensboro 4 - Dayton 1
BOTTOM OF THE 5TH
Dayton Dragons batting - Pitching for Greensboro Grasshoppers : RHP Cory Levine
Batting: RHB Matt Silva 0-0: Called Strike
0-1: Ball
1-1: Ground out 6-3 (Groundball, 6S, EV 82.5 MPH)
Batting: RHB Cyd Carver 0-0: Ball
1-0: Foul Ball, location: 2F
1-1: Swinging Strike
1-2: Ball
2-2: Foul Ball, location: 2F
2-2: Strikes out looking
Batting: LHB Fernando Gomez 0-0: DOUBLE (Line Drive, 78M, EV 88.1 MPH)
Batting: LHB Keith Egan 0-0: Called Strike
0-1: Swinging Strike
0-2: Fly out, F8 (Flyball, 8LD, EV 87.5 MPH)
Bottom of the 5th over - 0 runs, 1 hit, 0 errors, 1 left on base; Greensboro 4 - Dayton 1
TOP OF THE 6TH
Greensboro Grasshoppers batting - Pitching for Dayton Dragons : LHP Suk-jin Sok
Batting: RHB Harrie de Kam 0-0: Foul Ball, location: 2F
0-1: Foul Ball, location: 2F
0-2: Ball
1-2: Ground out 3-1 (Groundball, 34S, EV 78.8 MPH)
Batting: RHB Andy Kelly 0-0: Ball
1-0: Foul Ball, location: 2F
1-1: Foul Ball, location: 2F
1-2: Foul Ball, location: 2F
1-2: Ball
2-2: Foul Ball, location: 2F
2-2: Ball
3-2: Foul Ball, location: 2F
3-2: Ground out U3 (Groundball, 34S, EV 75.6 MPH)
Batting: RHB Miguel Velasco 0-0: Ball
1-0: Called Strike
1-1: Ball
2-1: Ball
3-1: Called Strike
3-2: Foul Ball, location: 2F
3-2: Strikes out swinging
Top of the 6th over - 0 runs, 0 hits, 0 errors, 0 left on base; Greensboro 4 - Dayton 1
BOTTOM OF THE 6TH
Dayton Dragons batting - Pitching for Greensboro Grasshoppers : RHP Cory Levine
Batting: RHB Randy Grewe 0-0: Foul Ball, location: 2F
0-1: SOLO HOME RUN (Flyball, 7D, EV 94.4 MPH), Distance : 358 ft
Pitching: LHP Melvin Castro
Batting: LHB Matthew Berry 0-0: SINGLE (Groundball, 3D, EV 108.8 MPH)
Batting: SHB Tim Utz 0-0: Ball
1-0: Ball
2-0: Foul Ball, location: 2F
2-1: Ball
3-1: Base on Balls
Matthew Berry to second
Pinch Runner at 2nd Eric Sullivan:
Batting: RHB Mark Williams 0-0: Ball
1-0: Called Strike
1-1: SINGLE (Groundball, 34D, EV 98.1 MPH)
Eric Sullivan to third
Tim Utz to second
Batting: SHB Alex Morales 0-0: Foul Ball, location: 2F
0-1: Ball
1-1: Swinging Strike
1-2: Ball
2-2: Foul Ball, location: 2F
2-2: Foul Ball, location: 2F
2-2: Fly out, F8 (Flyball, 89M, EV 86.2 MPH)
Runner from 3rd tags up, OUT at HOME! 8-2
Tim Utz to third
Mark Williams to second
Batting: RHB Matt Silva 0-0: Foul Ball, location: 2F
0-1: Called Strike
0-2: Strikes out swinging
Bottom of the 6th over - 1 run, 3 hits, 0 errors, 2 left on base; Greensboro 4 - Dayton 2
TOP OF THE 7TH
Greensboro Grasshoppers batting - Pitching for Dayton Dragons : LHP Suk-jin Sok
Pitching: RHP Victor Uriegas
Batting: RHB Larry LeFever 0-0: Ball
1-0: Ball
2-0: Ball
3-0: Swinging Strike
3-1: Fly out, F9 (Flyball, 89M, EV 96.9 MPH)
Batting: RHB J.D. Vander Klok 0-0: Called Strike
0-1: Ball
1-1: Ground out 6-3 (Groundball, 6MS, EV 80.6 MPH)
Batting: LHB Angelo Estrella 0-0: Called Strike
0-1: Foul Ball, location: 2F
0-2: Foul Ball, location: 2F
0-2: Strikes out swinging
Top of the 7th over - 0 runs, 0 hits, 0 errors, 0 left on base; Greensboro 4 - Dayton 2
BOTTOM OF THE 7TH
Dayton Dragons batting - Pitching for Greensboro Grasshoppers : LHP Melvin Castro
Pitching: RHP Mike Yorke
Batting: RHB Cyd Carver 0-0: Foul Ball, location: 2F
0-1: Ball
1-1: Swinging Strike
1-2: Strikes out swinging
Batting: LHB Fernando Gomez 0-0: Foul Ball, location: 2F
0-1: Swinging Strike
0-2: Ball
1-2: Ground out 4-3 (Groundball, 4MD, EV 79.4 MPH)
Batting: LHB Keith Egan 0-0: Called Strike
0-1: Swinging Strike
0-2: Ball
1-2: Strikes out swinging
Bottom of the 7th over - 0 runs, 0 hits, 0 errors, 0 left on base; Greensboro 4 - Dayton 2
TOP OF THE 8TH
Greensboro Grasshoppers batting - Pitching for Dayton Dragons : RHP Victor Uriegas
Batting: RHB Jeremy Dennis 0-0: Swinging Strike
0-1: Swinging Strike
0-2: Ball
1-2: Foul Ball, location: 2F
1-2: Foul Ball, location: 2F
1-2: Ball
2-2: Strikes out swinging
Batting: LHB Ryan Thompson 0-0: SINGLE (Groundball, 4D, EV 94.4 MPH)
Batting: RHB Hiromitsu Yamada 0-0: Called Strike
0-1: Ball
1-1: Ball
2-1: Ball
3-1: Called Strike
3-2: Foul Ball, location: 2F
Balk!
Ryan Thompson to second
3-2: Foul Ball, location: 2F
3-2: Strikes out swinging
Batting: RHB Harrie de Kam 0-0: Foul Ball, location: 2F
0-1: Foul Ball, location: 2F
0-2: Fly out, F8 (Line Drive, 78M, EV 108.8 MPH)
Top of the 8th over - 0 runs, 1 hit, 0 errors, 1 left on base; Greensboro 4 - Dayton 2
BOTTOM OF THE 8TH
Dayton Dragons batting - Pitching for Greensboro Grasshoppers : RHP Mike Yorke
Pitching: RHP Dan Durand
Batting: RHB Randy Grewe 0-0: Ball
1-0: Called Strike
1-1: Foul Ball, location: 2F
1-2: Fly out, F9 (Flyball, 9LSF, EV 90.0 MPH)
Batting: LHB Ray Walden 0-0: Called Strike
0-1: Ball
1-1: Ball
2-1: Ball
3-1: Foul Ball, location: 2F
3-2: DOUBLE (Flyball, 8RXD, EV 106.2 MPH)
Batting: SHB Tim Utz 0-0: Called Strike
0-1: Swinging Strike
0-2: Strikes out swinging
Batting: RHB Mark Williams 0-0: Ground out 3-1 (Groundball, 34, EV 105.0 MPH)
Bottom of the 8th over - 0 runs, 1 hit, 0 errors, 1 left on base; Greensboro 4 - Dayton 2
TOP OF THE 9TH
Greensboro Grasshoppers batting - Pitching for Dayton Dragons : RHP Victor Uriegas
Pitching: RHP Kevin Larner
Batting: RHB Andy Kelly 0-0: Called Strike
0-1: Ball
1-1: Ball
2-1: Ball
3-1: Fly out, F7 (Line Drive, 7, EV 101.9 MPH)
Batting: RHB Miguel Velasco 0-0: Ball
1-0: Swinging Strike
1-1: Foul Ball, location: 2F
1-2: Ball
2-2: Ground out 1-3 (Groundball, 13S, EV 66.2 MPH)
Batting: RHB Larry LeFever 0-0: Ball
1-0: Ball
2-0: Swinging Strike
2-1: Fly out, F7 (Flyball, 78S, EV 81.2 MPH)
Top of the 9th over - 0 runs, 0 hits, 0 errors, 0 left on base; Greensboro 4 - Dayton 2
BOTTOM OF THE 9TH
Dayton Dragons batting - Pitching for Greensboro Grasshoppers : RHP Dan Durand
Pitching: RHP Chris Forster
Batting: SHB Alex Morales 0-0: SINGLE (Groundball, 6D, EV 95.6 MPH)
Batting: RHB Matt Silva 0-0: Foul Ball, location: 2F
0-1: Ball
1-1: Swinging Strike
1-2: SINGLE (Groundball, 34D, EV 108.1 MPH)
Alex Morales to second
Pinch Runner at 2nd Phil Lomax:
Pinch Hitting: RHB Juan Zamora 0-0: Bunt missed!
0-1: Bunted foul
0-2: Ball
Wild Pitch!
Phil Lomax to third
Matt Silva to second
1-2: Foul Ball, location: 2F
1-2: Fly out, F8 (Flyball, 8LXD, EV 94.4 MPH)
Runner from 3rd tags up, SCORES, no throw by CF
Matt Silva to third
Batting: LHB Fernando Gomez 0-0: Ball
1-0: Fly out, F9 (Flyball, 89M, EV 75.6 MPH)
Runner from 3rd tags up, SCORES, throw by RF
Batting: LHB Keith Egan 0-0: Ball
1-0: DOUBLE (Flyball, 8LXD, EV 108.1 MPH)
Batting: RHB Randy Grewe 0-0: Ground out 4-3 (Groundball, 4, EV 103.1 MPH)
Bottom of the 9th over - 2 runs, 3 hits, 0 errors, 1 left on base; Greensboro 4 - Dayton 4
TOP OF THE 10TH
Greensboro Grasshoppers batting - Pitching for Dayton Dragons : RHP Kevin Larner
Now at 2B: Phil Lomax
Now at SS: Juan Zamora
Now in LF: Mark Williams
Batting: RHB J.D. Vander Klok 0-0: Swinging Strike
0-1: Foul Ball, location: 2F
0-2: Ball
1-2: Ball
2-2: Ball
3-2: Foul Ball, location: 2F
3-2: Strikes out swinging
Pitching: RHP Tyrese Barnett
Batting: LHB Angelo Estrella 0-0: Foul Ball, location: 2F
0-1: Called Strike
0-2: Strikes out swinging
Batting: RHB Jeremy Dennis 0-0: Ball
1-0: SINGLE (Groundball, 25, EV 62.5 MPH) (infield hit)
Batting: LHB Ryan Thompson 0-0: Ball
Jeremy Dennis steals 2nd base
1-0: Intentional Walk
Batting: RHB Hiromitsu Yamada 0-0: Foul Ball, location: 2F
0-1: Ball
1-1: Ball
2-1: Called Strike
2-2: Ball
3-2: Foul Ball, location: 2F
3-2: Foul Ball, location: 2F
3-2: Foul Ball, location: 2F
3-2: Strikes out swinging
Top of the 10th over - 0 runs, 1 hit, 0 errors, 2 left on base; Greensboro 4 - Dayton 4
BOTTOM OF THE 10TH
Dayton Dragons batting - Pitching for Greensboro Grasshoppers : RHP Chris Forster
Pitching: RHP James Bitner
Batting: LHB Ray Walden 0-0: Foul Ball, location: 2F
0-1: Foul Ball, location: 2F
0-2: Strikes out swinging
Batting: SHB Tim Utz 0-0: SINGLE (Flyball, 8LS, EV 93.8 MPH)
Batting: RHB Mark Williams 0-0: Called Strike
0-1: SINGLE (Groundball, 25, EV 73.1 MPH) (infield hit)
Tim Utz to second
Batting: LHB Phil Lomax 0-0: Ball
1-0: Called Strike
1-1: Ball
2-1: Ball
3-1: Base on Balls
Tim Utz to third
Mark Williams to second
Batting: RHB Matt Silva 0-0: Called Strike
0-1: Foul Ball, location: 2F
0-2: Foul Ball, location: 2F
0-2: Ball
1-2: Ball
2-2: Ball
3-2: Strikes out swinging
Batting: RHB Juan Zamora 0-0: Fly out, F8 (Flyball, 8RD, EV 81.2 MPH)
Bottom of the 10th over - 0 runs, 2 hits, 0 errors, 3 left on base; Greensboro 4 - Dayton 4
TOP OF THE 11TH
Greensboro Grasshoppers batting - Pitching for Dayton Dragons : RHP Tyrese Barnett
Batting: RHB Harrie de Kam 0-0: Called Strike
0-1: Ball
1-1: Ball
2-1: Ball
3-1: Base on Balls
Pitching: RHP Giovonni Morgia
Batting: RHB Andy Kelly 0-0: Ball
Harrie de Kam steals 2nd base
1-0: Ground out 6-3 (Groundball, 6, EV 80.0 MPH)
Harrie de Kam to third
Batting: RHB Miguel Velasco 0-0: Ball
1-0: Ground out U3 (Groundball, 34, EV 89.4 MPH)
Batting: RHB Larry LeFever 0-0: Foul Ball, location: 2F
0-1: Foul Ball, location: 2F
0-2: Ball
1-2: Strikes out swinging
Top of the 11th over - 0 runs, 0 hits, 0 errors, 1 left on base; Greensboro 4 - Dayton 4
BOTTOM OF THE 11TH
Dayton Dragons batting - Pitching for Greensboro Grasshoppers : RHP James Bitner
Batting: LHB Fernando Gomez 0-0: Called Strike
0-1: Ball
1-1: Ball
2-1: Ball
3-1: Base on Balls
Batting: LHB Keith Egan 0-0: Called Strike
0-1: Ball
1-1: Ball
2-1: SINGLE (Groundball, 34D, EV 101.2 MPH)
Fernando Gomez to second
Runner from 2nd tries for 3rd, OUT! 9-5
Keith Egan to second
Batting: RHB Randy Grewe 0-0: Called Strike
0-1: Foul Ball, location: 2F
0-2: Ball
1-2: Fly out, F8 (Line Drive, 8LD, EV 91.2 MPH)
Runner from 2nd tags up, SAFE at 3rd with throw by CF
Batting: LHB Ray Walden 0-0: Ball
1-0: SINGLE (Line Drive, 9S, EV 92.5 MPH)
Keith Egan scores
Bottom of the 11th over - 1 run, 2 hits, 0 errors, 1 left on base; Greensboro 4 - Dayton 5
Tuesday, September 13th , 2022 - OOTP Baseball 23.7 Build 88